AoeStats
← andres-4593

Arena

509462029Analyzed
1v1 RM · 5d ago on Sep 26, 2026· 27m 17s· 2 players
Game mode
Random Map
Map size
Tiny (2 player)
Population
200
Speed
Normal
Resources
Standard
Victory
Conquest
Starting age
Dark Age
Ending age
Imperial Age
RankedLock teamsTeams togetherTeam positionsShared explorationLock speedFull tech treeHidden civsTurbo modeCheats
Victory
Defeat
🇿🇦 Sicilians · South Africa
238
+21
🇨🇴 Sicilians · Colombia
355
-21
olwe2mtini
1:01 Loom
14:23 Feudal Age
20:32 Castle Age
18:47 Horse Collar
23:06 Double-Bit Axe
23:34 Scale Mail Armor
25:06 Chain Mail Armor
25:15 Murder Holes
andres-4593
0:39 Loom
10:30 Feudal Age
10:56 Horse Collar
11:04 Double-Bit Axe
11:10 Town Watch
13:06 Wheelbarrow
12:46 Gold Mining
12:50 Stone Mining
23:29 Castle Age
22:03 Man-at-Arms
24:42 Hand Cart
25:34 Town Patrol
Connection lost

Rejoining the realm…

Still unreachable

The connection could not be restored.

Session expired

The server has moved on; the page needs a fresh start.